 Dungeon Crawl Stone Soup version 0.31-a0-152-g6aa68a64a1 (webtiles) character file.

Game seed: 17827960358657875646

26 qw the Shooter (level 2, -7/26 HPs)
             Began as a Minotaur Hunter on June 9, 2023.
             Mangled by Natasha (8 damage)
             ... on level 2 of the Dungeon.
             The game lasted 00:00:13 (801 turns).

qw the Shooter (Minotaur Hunter)                     Turns: 801, Time: 00:00:13

Health: -7/26      AC:  3    Str: 15    XL:     2   Next: 89%
Magic:  1/1        EV: 12    Int:  6    God:
Gold:   70         SH:  0    Dex: 13    Spells: 1/1 levels left

rFire   . . .        Y - +0 shortbow
rCold   . . .        (shield currently unavailable)
rNeg    . . .        c - +0 leather armour
rPois   .            (helmet restricted)
rElec   .            (no cloak)
rCorr   .            (no gloves)
SInv    .            (no boots)
Will    .....        (no amulet)
Stlth   +            (no ring)
HPRegen 0.24/turn    (no ring)
MPRegen 0.07/turn

%: no passive effects
@: no status effects
A: horns 2, retaliatory headbutt
a: no special abilities


You were on level 2 of the Dungeon.
You visited 1 branch of the dungeon, and saw 2 of its levels.

You collected 70 gold pieces.


Innate Abilities, Weirdness & Mutations

You have a pair of horns on your head.
You reflexively headbutt those who attack you in melee.


   Skills:
 - Level 3.3 Fighting
 + Level 5.0 Ranged Weapons
 - Level 2.1 Dodging
 - Level 0.7 Stealth


You had one spell level left.
You didn't know any spells.
Your spell library was empty.

Inventory:

Hand Weapons
 Y - a +0 shortbow (weapon)
Armour
 c - a +0 leather armour (worn)
Scrolls
 f - a scroll of identify
Potions
 g - a potion of mutation {unknown}

Dungeon Overview and Level Annotations

Branches:
Dungeon (2/15)

Altars:

Annotations:
D:2 Natasha


Message History

Natasha hisses angrily.
Natasha is lightly wounded.
You shoot an arrow. The arrow hits Natasha.
Natasha is heavily wounded.
Natasha mumbles some strange words.
You shoot an arrow. The arrow barely misses Natasha.
Natasha closely misses you. The cerulean imp barely misses you.
You shoot an arrow. The arrow closely misses Natasha.
Natasha mumbles some strange words.
The cerulean imp hits you from afar with a +1 spear.
You shoot an arrow. The arrow barely misses Natasha.
Natasha completely misses you. The cerulean imp barely misses you.
The cerulean imp hits you with a +2 spear.
You shoot an arrow. The arrow barely misses Natasha.
Natasha mumbles some strange words.
The cerulean imp misses you. The cerulean imp completely misses you.
You furiously retaliate!
You headbutt the cerulean imp.
Natasha mewls in sadness.
Natasha closely misses you.
You shoot an arrow. The arrow hits the cerulean imp.
The cerulean imp is heavily wounded.
The cerulean imp closely misses you.
The cerulean imp hits you with a +2 spear.
Natasha stares at you and mumbles some strange words.
The magic dart hits you. The cerulean imp closely misses you.
The cerulean imp hits you from afar with a +1 spear.
You shoot an arrow. The arrow hits the cerulean imp.
The cerulean imp is heavily wounded.
The cerulean imp closely misses you. You furiously retaliate!
You headbutt the cerulean imp.
You kill the cerulean imp!
The cerulean imp disappears in a puff of smoke!
Natasha casts a spell at you. The magic dart hits you.
The cerulean imp hits you with a +0 spear.
The cerulean imp closely misses you.
You shoot an arrow. The arrow hits Natasha.
Natasha is severely wounded.
Natasha claws you!
You die...

##### #...# .....
.#.#.# ###.#.#.# #..
#.#.# # ##.###.#.#
#.#h55#....# ###
#..@#...#..#######..
###ยค..#............#
##.###############
...# #####


You could see Natasha and 2 cerulean imps.

Vanquished Creatures
  An adder (D:2)
  A dart slug (D:1)
  2 endoplasms
  2 goblins
  A hobgoblin (D:1)
  A quokka (D:1)
  2 ball pythons (D:1)
  3 bats
  A frilled lizard (D:1)
  2 kobolds (D:1)
  A rat (D:1)
17 creatures vanquished.

Notes
Turn   | Place    | Note
-------+----------+-------------------------------------------
     0 | D:1      | qw the Minotaur Hunter began the quest for the Orb.
     0 | D:1      | Reached XP level 1. HP: 18/18 MP: 0/0
     0 | D:1      | 0 ||| qw: Version: 0.2-a-121-gba3a3e5
     0 | D:1      | 0 ||| qw: Game counter: 3210
     0 | D:1      | 0 ||| qw: Always use a shield: true
     0 | D:1      | 0 ||| qw: God list: Okawaru
     0 | D:1      | 0 ||| qw: Allow faded altars: false
     0 | D:1      | 0 ||| qw: Do Orc after D:15 true
     0 | D:1      | 0 ||| qw: Do second Lair branch before Depths: true
     0 | D:1      | 0 ||| qw: Lair rune preference: random
     0 | D:1      | 0 ||| qw: Plans: Normal
     0 | D:1      | 0 ||| PLANNING D:1-11
    86 | D:1      | Found a faded altar of an unknown god.
   277 | D:1      | Reached XP level 2. HP: 25/25 MP: 1/1
   318 | D:1      | Reached skill level 5 in Ranged Weapons
   657 | D:1      | 657 ||| READING scroll labelled RIOFAV GEQOT.
   658 | D:1      | 658 ||| READING scroll labelled WOFIF PUXUDIF.
   659 | D:1      | 659 ||| READING 2 scrolls labelled REMOARPHIZXE.
   660 | D:1      | 660 ||| DROPPING scroll of butterflies.
   751 | D:2      | Reached skill level 3 in Fighting
   792 | D:2      | Noticed Natasha
   800 | D:2      | HP: 4/26 [Natasha/magic dart (5)]
   800 | D:2      | HP: 1/26 [cerulean imp/+0 spear[Natasha] (3)]
   801 | D:2      | Mangled by Natasha

Levels and vault maps discovered:
D:1:      heliophobic_arrival_henge, layout_loops_ring,
          hellmonk_ecumenical_altar_heavens_door
D:2:      layout_loops_ring, kennysheep_generic_room_4, uniq_natasha

Skill      XL: |  1  2 |
---------------+-------+-----
Ranged Weapons | 5 |  5.0
Fighting       | 3 |  3.3
Dodging        | |  2.1
Stealth        | |  0.7

Action                     || total
---------------------------++-------
   Fire: Shortbow          ||    43
    Use: Scroll            ||     3
 Armour: Leather armour    ||     1
  Dodge: Dodged            ||    16

Table legend:
 A = Non-vault XP
 B = Vault XP
 C = Vault XP percentage of total XP
 D = Non-vault monster count
 E = Vault monster count
 F = Vault count percentage of total count
                 A         B        C        D         E       F
            +---------+---------+-------+---------+---------+-------
      Total |      38 |       0 |   0.0 |      17 |       0 |   0.0
            +---------+---------+-------+---------+---------+-------
        D:1 |      20 |       0 |   0.0 |      13 |       0 |   0.0
        D:2 |      18 |       0 |   0.0 |       4 |       0 |   0.0
            +---------+---------+-------+---------+---------+-------
